 Dungeon Crawl Stone Soup version 0.29-a0-322-g68df515428 (webtiles) character file.

Game seed: 12969909989680161452

4086 wakim the Archer (level 9, -1/74 HPs)
             Began as a Demigod Arcane Marksman on Apr 9, 2022.
             Slain by a two-headed ogre
             ... wielding a +0 giant spiked club
              (19 damage)
             ... on level 7 of the Dungeon.
             The game lasted 00:27:04 (8722 turns).

wakim the Archer (Demigod Arcane Marksman)          Turns: 8722, Time: 00:27:04

Health: -1/74      AC:  9    Str: 11    XL:     9   Next: 77%
Magic:  5/16       EV: 14    Int: 15    God:
Gold:   1039       SH:  0    Dex: 26    Spells: 5/14 levels left

rFire   . . .      SeeInvis .   a - +1 shortbow (flame)
rCold   + . .      Faith    .   (shield currently unavailable)
rNeg    . . .      Spirit   .   P - +0 ring mail of Understanding {+Blink rC+ Slay+5}
rPois   +          Reflect  .   (no helmet)
rElec   .          Harm     .   C - +0 cloak
rCorr   .          Rampage  .   H - +1 pair of gloves
Will    .....                   Z - +0 pair of boots
Stlth   +.........              (no amulet)
HPRegen 0.22/turn               R - ring of wizardry
MPRegen 0.15/turn               S - ring of poison resistance

@: very slightly contaminated
A: high MP 1, forlorn, divine attributes
a: Evoke Blink


You were on level 7 of the Dungeon.
You visited 2 branches of the dungeon, and saw 8 of its levels.

You collected 1039 gold pieces.

Inventory:

Hand Weapons
 a - a +1 shortbow of flaming (weapon)
 b - a +5 spear of freezing
Armour
 C - a +0 cloak (worn)
 H - a +1 pair of gloves (worn)
 I - a +2 robe of willpower
 P - the +0 ring mail of Understanding (worn) {+Blink rC+ Slay+5}
   (You acquired it on level 6 of the Dungeon)

   Slay:      It affects your accuracy & damage with ranged weapons and melee
   (+5).
   rC:        It protects you from cold.
   +Blink:    It lets you blink.
 Z - a +0 pair of boots (worn)
Jewellery
 J - a ring of resist corrosion
 Q - a ring of magical power
 R - a ring of wizardry (left hand)
 S - a ring of poison resistance (right hand)
Wands
 w - a wand of acid (9)
 z - a wand of polymorph (6)
Scrolls
 E - a scroll of amnesia
 O - 3 scrolls of enchant armour
 T - a scroll of teleportation
 U - a scroll of fear
 V - a scroll of vulnerability {!r!r}
 W - a scroll of holy word
 X - 5 scrolls of fog
 Y - a scroll of enchant weapon
Potions
 A - a potion of ambrosia {unknown}
 B - a potion of heal wounds {unknown}
 D - 2 potions of brilliance
 F - a potion of curing
 G - 2 potions of flight
 K - a potion of magic
 L - 2 potions of lignification {!q}
 M - a potion of mutation {!q}
 N - 4 potions of might


   Skills:
 + Level 5.6 Fighting
 * Level 8.3 Bows
 - Level 5.1 Dodging
 + Level 3.0 Spellcasting
 + Level 6.7 Hexes
 + Level 2.6 Evocations


You had 5 spell levels left.
You knew the following spells:

 Your Spells              Type           Power      Damage    Failure   Level
a - Inner Flame           Hex/Fire       12%        N/A       16%         3
d - Portal Projectile     Hex/Tloc       24%        N/A       16%         3
s - Slow                  Hex            88%        N/A       1%          1
x - Ensorcelled Hibernat  Hex/Ice        24%        N/A       8%          2

Your spell library contained the following spells:

 Spells                   Type           Power      Damage    Failure   Level
 Cause Fear               Hex            11%        N/A       12%         4
 Summon Guardian Golem    Hex/Summ       12%        N/A       16%         3
 Summon Small Mammal      Summ           8%         N/A       19%         1
 Passwall                 Tmut/Erth      1%         N/A       28%         2
 Call Canine Familiar     Summ           2%         N/A       47%         3
 Ozocubu's Armour         Ice            2%         N/A       47%         3
 Swiftness                Air            2%         N/A       47%         3
 Ozocubu's Refrigeration  Ice            1%         4d5       100%        7


Dungeon Overview and Level Annotations

Branches:
Dungeon (7/15)             Temple (1/1) D:4

Annotations:
D:7 1 runed translucent door, motkuripss's ghost, novice MfGl


Innate Abilities, Weirdness & Mutations

You have an increased reservoir of magic. (+10% MP)
You shall have no god before yourself.
Your divine heritage dramatically boosts your attributes as you level up.


Message History

Okay, then.
Casting: Inner Flame (dangerous; 16% risk of failure)
Confirm with . or Enter, or press ? or * to list all spells.
You begin teleporting projectiles to their destination.
The two-headed ogre barely misses you. x2
The orc warrior hits you from afar with a +2 trident of protection! 57/74 (-9) Shoot: a) +1 shortbow (flame)
Press: ? - help, Q - select action, (/) - cycle Shift-Dir - straight line, f/p - orc warrior
Aim: an orc warrior, wielding a +2 trident of protection and wearing a +0 chain mail (inner flame, 72% to hit)
You magically shoot an arrow.
The arrow barely misses the orc warrior.
The centaur unwields a +0 shortbow.
The centaur wields a +1 hand axe of freezing.
It glows with a cold blue light!
The centaur hits you with a +1 hand axe of freezing!
The centaur freezes you. The centaur completely misses you.
The orc warrior hits you from afar with a +2 trident of protection!
* * * LOW HITPOINT WARNING * * *
The centaur hits you with a +1 hand axe of freezing.
* * * LOW HITPOINT WARNING * * *
The centaur kicks you but does no damage.
The two-headed ogre barely misses you.
The two-headed ogre closely misses you. 28/74 (-29) Shoot: a) +1 shortbow (flame)
Press: ? - help, Q - select action, (/) - cycle Shift-Dir - straight line, f/p - orc warrior
Aim: an orc warrior, wielding a +2 trident of protection and wearing a +0 chain mail (inner flame, 72% to hit)
You magically shoot an arrow.
The arrow barely misses the orc warrior.
The centaur hits you with a +1 hand axe of freezing!
* * * LOW HITPOINT WARNING * * *
The centaur freezes you.
* * * LOW HITPOINT WARNING * * *
The centaur barely misses you. The orc warrior closely misses you.
The centaur barely misses you.
The centaur kicks you but does no damage. 18/74 (-10)
You are no longer teleporting projectiles to their destination.
The two-headed ogre hits you with a +0 giant spiked club!!
You die...

#.........###.....#
....##...##⌠##....#
...##...##...##...# .H#
#..##..!..##..#
..###..#⌠.?♣...+..############
..##...##..?.W##..##.........#
...#....##...##.ho##.#######.#
.....#...##⌠##.cO#.....#.....#
#...###...###...@#...#.#.#####
##..# ##.........#.....#.# ##.#
##......)†....###.# # #.#
#####....>...# #.# ###.#
#####...#.#..# #.# ....#
#......)#.#..# #.# #.#.#
#.........#..###.##### ..#.#
#.....)<#............##
.##.#####.))O...........####..#


You could see a two-headed ogre, an orc warrior (inner flame), a centaur, a
hound and motkuripss's ghost.

Vanquished Creatures
  A two-headed ogre (D:7)
  Maggie (D:6)
  A hornet (D:7)
  Sigmund (D:5)
  A shadow (D:6)
  A steam dragon (D:6)
  Duvessa (D:5)
  An orc warrior (D:7)
  A sky beast (D:6)
  A black bear (D:6)
  4 ogres
  2 centaurs (D:7)
  A phantom (D:7)
  2 bullfrogs
  A necrophage (D:5)
  Blork the orc (D:6)
  4 scorpions
  5 wights (D:5)
  Dowan (D:5)
  3 howler monkeys
  8 hounds
  3 jellies
  An orc priest (D:6)
  A gnoll shaman (D:7)
  Jessica (D:2)
  3 orc wizards
  Natasha (D:2)
  An iguana (D:4)
  7 gnolls
  7 adders
  3 dart slugs
  9 orcs
  7 ball pythons
  A bat zombie (D:7)
  6 endoplasms
  2 giant cockroaches
  4 goblins
  7 hobgoblins
  3 quokkas
  8 bats
  2 frilled lizards
  9 kobolds
  5 rats
133 creatures vanquished.

Notes
Turn   | Place    | Note
-------+----------+-------------------------------------------
     0 | D:1      | wakim the Demigod Arcane Marksman began the quest for the
                  | Orb.
     0 | D:1      | Reached XP level 1. HP: 15/15 MP: 4/4
    67 | D:1      | Reached skill level 1 in Fighting
    99 | D:1      | Reached skill level 2 in Bows
   321 | D:1      | Reached XP level 2. HP: 23/23 MP: 6/6
  1251 | D:2      | Noticed Jessica
  1272 | D:2      | Killed Jessica
  1273 | D:2      | Reached XP level 3. HP: 28/28 MP: 7/7
  1856 | D:2      | Noticed Natasha
  1858 | D:2      | Killed Natasha
  1859 | D:2      | Reached XP level 4. HP: 35/36 MP: 8/8
  1965 | D:3      | Reached skill level 3 in Bows
  2019 | D:3      | !bestwep
  2344 | D:3      | Reached XP level 5. HP: 41/41 MP: 9/9
  3210 | D:4      | Identified a scroll of acquirement
  3210 | D:4      | Acquired 740 gold pieces
  3992 | D:4      | Found a staircase to the Ecumenical Temple.
  4001 | Temple   | Entered the Ecumenical Temple
  4365 | D:5      | Entered Level 5 of the Dungeon
  4472 | D:5      | Reached XP level 6. HP: 47/50 MP: 10/10
  4580 | D:5      | Reached skill level 4 in Bows
  4632 | D:5      | Noticed Duvessa
  4632 | D:5      | Noticed Dowan
  4657 | D:5      | Noticed Sigmund
  4735 | D:5      | !bestwep
  4740 | D:5      | Reached XP level 7. HP: 56/56 MP: 11/11
  4957 | D:6      | Noticed Maggie
  4984 | D:5      | Learned a level 3 spell: Inner Flame
  4988 | D:5      | Learned a level 3 spell: Portal Projectile
  5146 | D:6      | Reached skill level 5 in Bows
  5331 | D:5      | Reached skill level 5 in Hexes
  5437 | D:5      | Killed Sigmund
  5438 | D:5      | Reached XP level 8. HP: 66/66 MP: 5/12
  5846 | D:5      | Learned a level 2 spell: Ensorcelled Hibernation
  5977 | D:5      | Killed Duvessa
  5977 | D:5      | Killed Dowan
  5978 | D:5      | Reached skill level 6 in Bows
  6234 | D:6      | Acquired the +0 ring mail of Understanding {+Blink rC+
                  | Slay+5}
  6400 | D:6      | Killed Maggie
  6733 | D:6      | Reached skill level 5 in Dodging
  6913 | D:6      | Reached skill level 7 in Bows
  6913 | D:6      | Noticed Blork the orc
  6917 | D:6      | Killed Blork the orc
  7094 | D:7      | Found a runed translucent door.
  7094 | D:7      | Noticed motkuripss's ghost (novice MfGl)
  7256 | D:7      | Noticed a hornet
  7324 | D:6      | Reached XP level 9. HP: 44/73 MP: 10/14
  7490 | D:7      | Paralysed by a hornet for 1 turns
  7495 | D:7      | Reached skill level 5 in Fighting
  7495 | D:7      | Reached skill level 1 in Evocations
  7863 | D:7      | Noticed a two-headed ogre
  7908 | D:7      | Killed a two-headed ogre
  7909 | D:7      | Reached skill level 8 in Bows
  8048 | D:7      | Noticed a manticore
  8054 | D:7      | Noticed a two-headed ogre
  8722 | D:7      | Slain by a two-headed ogre

Illustrated notes #.. #.( #.. ### #.. ###.##### #.. #.......# ###.. #.#####.#####.... #####.#####..##...#.. #...@.##........###.. ............###....# ### .......#..### ####.# # $......#..# #... # .#..####..# ..## #..## # ...# .......#. ..## # ..# .....#... ### # .. ......... ### #...#.#### #.. Turn 2019 on D:3: !bestwep

...z. ...... #####
...... .....## ......
!.....# #...... ......##
##......# .......#
###......#
.......#######..@....#
...................####
...............)......#
.......###..............
.......# #...)..........
....#### ##...........##
>#### ###........## .#
###....### .# ### ..####


Turn 4735 on D:5: !bestwep

Levels and vault maps discovered:
D:1:      pf_arrival_petrified_forest, layout_loops_cross,
          hellmonk_ecumenical_altar_crossroads
D:2:      layout_basic, uniq_jessica, uniq_natasha
D:3:      layout_rooms
D:4:      layout_layer_cave, temple_hall
D:5:      dreamdust_elfheim, layout_cave_pods, uniq_sigmund, uniq_duvessa
D:6:      layout_basic, overflow_temple_1_default, minmay_between,
          uniq_blork_the_orc, uniq_maggie
D:7:      minmay_the_grid_octo_tiled_octocenter
          [minmay_the_grid_octo_fat_diamond, minmay_the_grid_octo_chip,
          minmay_the_grid_octo_shrine, minmay_the_grid_octo_odd_swirl,
          minmay_the_grid_octo_prize_ultimate_mussel_roller,
          minmay_the_grid_square_5x5_intrusive_squares,
          minmay_the_grid_square_5x5_almost_minimal,
          minmay_the_grid_square_5x5_c, minmay_the_grid_square_5x5_forky],
          layout_basic, kennysheep_mini_moat, lemuel_zombie_altar_kikubaaqudgha,
          hellmonk_ghost_happy_afterlife, minivault_19
Temple:   oiseaux_autumnal_temple

Skill      XL: |  1  2  3  4  5  6  7  8  9 |
---------------+----------------------------+-----
Fighting       | 1 2 3 4 5 |  5.6
Bows           | 2 3 4 5 7 8 |  8.3
Dodging        | 2 3 4 5 |  5.1
Hexes          | 3 4 5 6 |  6.7
Spellcasting   | 3 |  3.0
Evocations     | 2 |  2.6

Action                   |  1- 3 |  4- 6 |  7- 9 || total
-------------------------+-------+-------+-------++-------
Melee: Unarmed           |     2 |       |       ||     2
       Short sword       |       |     4 |       ||     4
       Spear             |       |       |     7 ||     7
       Shortbow          |       |       |     2 ||     2
 Fire: Shortbow          |    85 |   161 |   123 ||   369
 Cast: Slow              |     1 |     7 |     6 ||    14
       Inner Flame       |       |       |    31 ||    31
       Portal Projectile |       |       |     6 ||     6
       Ensorcelled Hiber |       |       |     3 ||     3
  Use: Scroll            |       |    16 |     6 ||    22
       Potion            |       |     1 |     2 ||     3
Armor: Robe              |     7 |    11 |     3 ||    21
       Ring mail         |       |       |    23 ||    23
Dodge: Dodged            |    30 |    55 |    63 ||   148

Table legend: (Time is in decaauts)
 A = Elapsed time spent in this place.
 B = Non-inter-level travel time spent in this place.
 C = Inter-level travel time spent in this place.
 D = Time resting spent in this place.
 E = Time spent auto-exploring this place.
 F = Levels seen in this place.
 G = Mean time per level.
                   A        B        C        D        E       F      G
               +--------+--------+--------+--------+--------+-----+--------+
         Total |   8862 |   8334 |    528 |   1029 |   5821 |   8 | 1107.8 |
       Dungeon |   8575 |   8080 |    495 |   1029 |   5580 |   7 | 1225.0 |
        Temple |    287 |    254 |     33 |      0 |    240 |   1 |  287.0 |
               +--------+--------+--------+--------+--------+-----+--------+

Top non-repeatable levels by time:
     D:6: 2065 daAuts
     D:5: 1611 daAuts
     D:2: 1275 daAuts
     D:4: 1216 daAuts
     D:1: 1088 daAuts
     D:3: 676 daAuts
     D:7: 641 daAuts
  Temple: 287 daAuts
